 Dungeon Crawl Stone Soup version 0.29-a0-810-g3812dd5c9c (webtiles) character file.

Game seed: 16324414281038919315

8 Morbidden the Shooter (level 2, 9/22 HPs)
             Began as a Demonspawn Hunter on July 4, 2022.
             Quit the game on level 1 of the Dungeon.
             The game lasted 00:00:27 (174 turns).

Morbidden the Shooter (Demonspawn Hunter)            Turns: 174, Time: 00:00:28

Health: 9/22       AC:  3    Str: 11    XL:     2   Next: 0%
Magic:  2/2        EV: 11    Int: 10    God:
Gold:   15         SH:  0    Dex: 16    Spells: 1/1 levels left

rFire   . . .      SeeInvis .   a - +0 shortbow
rCold   . . .      Faith    .   (shield currently unavailable)
rNeg    . . .      Spirit   .   c - +0 leather armour
rPois   .          Reflect  .   (no helmet)
rElec   .          Harm     .   (no cloak)
rCorr   .          Rampage  .   (no gloves)
Will    .....                   (no boots)
Stlth   +.........              (no amulet)
HPRegen 0.07/turn               (no ring)
MPRegen 0.08/turn               (no ring)

@: no status effects
A: powered by pain 1
a: no special abilities


You were on level 1 of the Dungeon.
You visited 1 branch of the dungeon, and saw 1 of its levels.

You collected 15 gold pieces.

Inventory:

Hand Weapons
 a - a +0 shortbow (weapon)
Armour
 c - a +0 leather armour (worn)
Scrolls
 b - a scroll of immolation
 d - a scroll of identify {unknown}
 f - a scroll of summoning {unknown}
Potions
 e - a potion of flight {unknown}


   Skills:
 * Level 2.1 Fighting
 * Level 4.0 Ranged Weapons
 * Level 1.7 Dodging
 + Level 0.8 Stealth


You had one spell level left.
You didn't know any spells.
Your spell library was empty.

Dungeon Overview and Level Annotations

Branches:
Dungeon (1/15)

Altars:


Innate Abilities, Weirdness & Mutations

You sometimes gain a little power by taking damage.


Message History

Unknown command.
Unknown command.
The kobold throws a stone.
The stone hits you. The endoplasm attacks as you move away!
The endoplasm hits you.
Fire: a) +0 shortbow
Press: ? - help, Q - select action Shift-Dir - straight line, f/p - endoplasm
Aim: an endoplasm (heavily wounded, 86% to hit)
You shoot an arrow. The arrow hits the endoplasm!
You kill the endoplasm!
The kobold throws a stone.
The stone closely misses you.
Unknown command.
Fire: a) +0 shortbow
Press: ? - help, Q - select action Shift-Dir - straight line, f - kobold
Aim: a kobold, wielding a +0 dagger, wearing a +0 chain mail and quivering stones (62% to hit)
You shoot an arrow. The arrow completely misses the kobold.
The kobold throws a stone.
The stone hits you but does no damage.
Fire: a) +0 shortbow
Press: ? - help, Q - select action Shift-Dir - straight line, f/p - kobold
Aim: a kobold, wielding a +0 dagger, wearing a +0 chain mail and quivering stones (62% to hit)
You shoot an arrow. The arrow hits the kobold!
You kill the kobold!
Your Ranged Weapons skill increases to level 4!
You have reached level 2!
Your demonic ancestry asserts itself...
You feel energised by your suffering.
Fire: a) +0 shortbow
Press: ? - help, Q - select action Shift-Dir - straight line, f - you Really target yourself?
Okay, then.
Unknown command.
Fire: a) +0 shortbow
Press: ? - help, Q - select action Shift-Dir - straight line, f - you Really target yourself? [Y]es or [N]o only, please.
Really target yourself? [Y]es or [N]o only, please.
Really target yourself?
Okay, then.
Unknown command.
Are you sure you want to abandon this character and quit the game? (Confirm with "yes".)

###.####........ #.# #.#
...........###########.# #.#
###.####...............####.##
#.# #.#.......#####.......# #
#.# #.#######.# #.####..# #
#.# #.. #.# #.# #..# ....# ###
#.# #.####..# .#### #.#
#...>...# .# #@# ######..# #
#.# #..# #)#### #..# #....#
####..# ###.K# #.....# #.#.##
#.##.## ..###.###.##.# ...#
##.##.##.# ###. ##.###.##.#


There were no monsters in sight!

Vanquished Creatures
  2 endoplasms (D:1)
  A giant cockroach (D:1)
  A kobold (D:1)
  A quokka (D:1)
  A bat (D:1)
  A rat (D:1)
7 creatures vanquished.

Notes
Turn   | Place    | Note
-------+----------+-------------------------------------------
     0 | D:1      | Morbidden the Demonspawn Hunter began the quest for the
                  | Orb.
     0 | D:1      | Reached XP level 1. HP: 16/16 MP: 1/1
   174 | D:1      | Reached skill level 4 in Ranged Weapons
   174 | D:1      | Gained mutation: You sometimes gain a little power by
                  | taking damage. [demonic ancestry]
   174 | D:1      | Reached XP level 2. HP: 9/22 MP: 2/2
   174 | D:1      | Quit the game

Illustrated notes

Levels and vault maps discovered:
D:1:      psy_arrival_dodecagon, layout_loops_ring,
          dreamdust_ecumenical_altar_grove, chequers_serial_rivers_small_b

Skill      XL: |  1 |
---------------+----+-----
Ranged Weapons | 4 |  4.0
Fighting       | |  2.1
Dodging        | |  1.7
Stealth        | |  0.8

Action                   || total
-------------------------++-------
 Fire: Shortbow          ||    16
Armor: Leather armour    ||     2
Dodge: Dodged            ||     4

Table legend: (Time is in decaauts)
 A = Elapsed time spent in this place.
 B = Non-inter-level travel time spent in this place.
 C = Inter-level travel time spent in this place.
 D = Time resting spent in this place.
 E = Time spent auto-exploring this place.
 F = Levels seen in this place.
 G = Mean time per level.
                   A        B        C        D        E       F      G
               +--------+--------+--------+--------+--------+-----+--------+
         Total |    179 |    179 |      0 |      0 |    142 |   1 |  179.0 |
       Dungeon |    179 |    179 |      0 |      0 |    142 |   1 |  179.0 |
               +--------+--------+--------+--------+--------+-----+--------+

Top non-repeatable levels by time:
     D:1: 179 daAuts
